 Dungeon Crawl Stone Soup version 0.23.2-40-g277498a001 (webtiles) character file.

Game seed: 6288465889681368347

50 H0rd4k the Charlatan (level 4, -1/32 HPs)
             Began as a Human Artificer on Sept 11, 2019.
             Slain by Robin
             ... wielding a +0 club
              (3 damage)
             ... on level 2 of the Dungeon.
             The game lasted 00:01:50 (1124 turns).

H0rd4k the Charlatan (Human Artificer)              Turns: 1124, Time: 00:01:51

Health: -1/32      AC:  3    Str: 13    XL:     4   Next: 4%
Magic:  6/6        EV: 12    Int: 11    God:
Gold:   80         SH:  0    Dex: 14    Spells: 3/3 levels left

rFire    . . .     SeeInvis .   j - +0 dagger (freeze)
rCold    . . .     Gourm    .   (no shield)
rNeg     . . .     Faith    .   b - +0 leather armour
rPois    .         Spirit   .   (no helmet)
rElec    .         Reflect  .   (no cloak)
rCorr    .         Harm     .   (no gloves)
MR       .....                  (no boots)
Stlth    ++........             (no amulet)
HPRegen  0.10/turn              (no ring)
MPRegen  0.10/turn              (no ring)

@: no status effects
A: no striking features
a: no special abilities


You were on level 2 of the Dungeon.
You were hungry.

You visited 1 branch of the dungeon, and saw 2 of its levels.

You collected 80 gold pieces.

Inventory:

Hand Weapons
 a - a +0 short sword
 j - a +0 dagger of freezing (weapon)
Armour
 b - a +0 leather armour (worn)
Jewellery
 k - an uncursed ring of protection from magic {unknown}
Wands
 c - a wand of flame (15)
 d - a wand of enslavement (14)
 e - a wand of random effects (11)
Scrolls
 i - a scroll of fog {unknown}
 l - 2 scrolls of identify {unknown}
 n - a scroll of immolation {unknown}
 o - a scroll of remove curse {unknown}
Potions
 g - a potion of curing {unknown}
 h - a potion of flight {unknown}
 m - a potion of berserk rage {unknown}
Comestibles
 f - 6 rations


   Skills:
 + Level 1.5 Fighting
 + Level 1.1 Short Blades
 + Level 1.0 Armour
 + Level 2.4 Dodging
 + Level 1.4 Stealth
 + Level 3.6 Evocations


You had 3 spell levels left.
You didn't know any spells.
Your spell library was empty.

Dungeon Overview and Level Annotations

Branches:
Dungeon (2/15)

Altars:

Annotations:
D:2 Robin


Message History

You hit something but do no damage. You barely miss something.
The goblin misses you. Something hits you but does no damage.
You hit something. You freeze something. The goblin hits you.
* * * LOW HITPOINT WARNING * * *
Something hits you.
* * * LOW HITPOINT WARNING * * *
You hit the goblin but do no damage. The goblin barely misses you.
Something hits you.
* * * LOW HITPOINT WARNING * * *
You miss the goblin. The goblin misses you. Something hits you.
* * * LOW HITPOINT WARNING * * *
Evoke which item? (* to show all) (? for menu, Esc to quit)
Aiming: Enslavement
Press: ? - help, Shift-Dir - straight line, f - goblin
Aim: a goblin (unusually strong, chance to defeat MR: 73%)
The goblin struggles to resist.
The goblin hits you.
* * * LOW HITPOINT WARNING * * *
Something hits you.
You die...

. #..# #....##.#
...##..#########.......#
.......†......g.r....#
.#####.############..#
#.....# #{r# #.###.# #..#
#.# #.# #..# .$# #.#
######..#### #### #.#
#.g@{.†....# #.#
#.####..##.# ##.###.# #..#
# ######...##.####..# .#
..............(....##.####.
#######...##.#####.........
#..(......#####..#..####
#............))..#..#
#.........#####<.#..####


You could see a goblin.

Vanquished Creatures
  An ooze (D:1)
  2 leopard geckos
  5 bats (D:1)
  3 giant cockroaches
  8 goblins
  9 hobgoblins (D:1)
  3 kobolds (D:1)
  2 frilled lizards (D:1)
  5 rats
38 creatures vanquished.

Notes
Turn   | Place    | Note
-------+----------+-------------------------------------------
     0 | D:1      | H0rd4k the Human Artificer began the quest for the Orb.
     0 | D:1      | Reached XP level 1. HP: 15/15 MP: 3/3
   101 | D:1      | Reached XP level 2. HP: 14/21 MP: 4/4
   375 | D:1      | Reached XP level 3. HP: 16/26 MP: 5/5
  1073 | D:2      | Noticed Robin
  1078 | D:2      | Reached skill level 1 in Armour
  1094 | D:2      | Reached XP level 4. HP: 27/32 MP: 6/6
  1124 | D:2      | Slain by Robin

Skill      XL: |  1  2  3 |
---------------+----------+-----
Armour         | 1 |  1.0
Fighting       | |  1.5
Short Blades   | |  1.1
Dodging        | |  2.4
Stealth        | |  1.4
Evocations     | |  3.6

Action                   |  1- 3 |  4- 6 || total
-------------------------+-------+-------++-------
Melee: Short sword       |    52 |       ||    52
       Dagger            |    64 |    14 ||    78
Evoke: Wand              |       |     5 ||     5
 Stab: Sleeping          |     3 |       ||     3
Armor: Leather armour    |    40 |     6 ||    46
Dodge: Dodged            |    97 |    11 ||   108
